 Dungeon Crawl Stone Soup version 0.31-a0-1172-g9944ec47dd (webtiles) character file.

Game seed: 14197105990519385544

8 bmb222 the Trooper (level 2, 0/24 HPs)
             Began as a Demonspawn Fighter on Dec 10, 2023.
             Slain by a kobold
             ... wielding a +0 club
              (4 damage)
             ... on level 1 of the Dungeon.
             The game lasted 00:00:23 (146 turns).

bmb222 the Trooper (Demonspawn Fighter)              Turns: 146, Time: 00:00:24

Health: 0/24       AC:  6    Str: 16    XL:     2   Next: 0%
Magic:  2/2        EV:  8    Int:  8    God:
Gold:   33         SH:  4    Dex: 12    Spells: 1/1 levels left

rFire   . . .        a - +0 flail
rCold   . . .        c - +0 buckler
rNeg    . . .        b - +0 scale mail
rPois   .            (helmet restricted)
rElec   .            (no cloak)
rCorr   .            (no gloves)
SInv    .            (no boots)
Will    .....        (no amulet) Stlth
                     (no ring)
HPRegen 0.24/turn    (no ring)
MPRegen 0.08/turn

%: no passive effects
@: no status effects
A: antennae 1
a: no special abilities


You were on level 1 of the Dungeon.
You visited 1 branch of the dungeon, and saw 1 of its levels.

You collected 33 gold pieces.

Inventory:

Hand Weapons
 a - a +0 flail (weapon)
Armour
 b - a +0 scale mail (worn)
 c - a +0 buckler (worn)
Potions
 d - a potion of might
 e - a potion of mutation {unknown}


   Skills:
 + Level 3.0 Fighting
 + Level 1.8 Maces & Flails
 + Level 2.9 Armour
 + Level 3.0 Shields


You had one spell level left.
You didn't know any spells.
Your spell library was empty.

Dungeon Overview and Level Annotations

Branches:
Dungeon (1/15)

Altars:


Innate Abilities, Weirdness & Mutations

You have a pair of small antennae on your head.


Message History

You are too injured to fight recklessly!
You are too injured to fight recklessly!
You are too injured to fight recklessly!
You are too injured to fight recklessly!
You are too injured to fight recklessly!
You are too injured to fight recklessly!
You are too injured to fight recklessly!
You are too injured to fight recklessly!
You are too injured to fight recklessly!
You are too injured to fight recklessly!
You are too injured to fight recklessly!
You are too injured to fight recklessly!
You are too injured to fight recklessly!
You are too injured to fight recklessly!
You are too injured to fight recklessly!
You are too injured to fight recklessly!
You are too injured to fight recklessly!
You are too injured to fight recklessly!
Unknown command.
You thump the ball python!
You kill the ball python!
The kobold hits you but does no damage.
Your Shields skill increases to level 3!
You have reached level 2!
Your demonic ancestry asserts itself...
A pair of antennae grows on your head!
Unknown command.
The kobold barely misses you. The kobold hits you with a +0 club.
The kobold hits you with a +0 club. The kobold hits you but does no damage.
The kobold hits you with a +0 club. You block the kobold's attack.
The kobold hits you with a +0 club. The kobold hits you with a +0 club.
* * * LOW HITPOINT WARNING * * *
The kobold hits you with a +0 club.
* * * LOW HITPOINT WARNING * * *
The kobold hits you with a +0 club.
You die...

..#...#.##.#######.#####..
.###..#.. .........#
..#..#####.#######.# .#.
#.# # #.#
#########.######..
.................. #
######.#######... .# #@#
.# #K# ## #J# #S# ... #.#
#.# #..


You could see an endoplasm, a ball python and a kobold.

Vanquished Creatures
  A goblin (D:1)
  2 quokkas (D:1)
  2 ball pythons (D:1)
  2 bats (D:1)
  A rat (D:1)
8 creatures vanquished.

Notes
Turn   | Place    | Note
-------+----------+-------------------------------------------
     0 | D:1      | bmb222 the Demonspawn Fighter began the quest for the Orb.
     0 | D:1      | Reached XP level 1. HP: 18/18 MP: 1/1
   137 | D:1      | Gained mutation: You have a pair of small antennae on your
                  | head. [demonic ancestry]
   137 | D:1      | Reached XP level 2. HP: 13/24 MP: 2/2
   146 | D:1      | Slain by a kobold

Illustrated notes

Levels and vault maps discovered:
D:1:      doesnt_arrival_eight_statues, layout_loops_ring

Skill      XL: |  1 |
---------------+----+-----
Shields        | 3 |  3.0
Fighting       | |  3.0
Maces & Flails | |  1.8
Armour         | |  2.9

Action                     || total
---------------------------++-------
  Melee: Flail             ||    34
 Armour: Scale mail        ||    42
  Dodge: Dodged            ||    22
  Block: Buckler           ||    15

Table legend: (Time is in decaauts)
 A = Elapsed time spent in this place.
 B = Non-inter-level travel time spent in this place.
 C = Inter-level travel time spent in this place.
 D = Time resting spent in this place.
 E = Time spent auto-exploring this place.
 F = Levels seen in this place.
 G = Mean time per level.
                   A        B        C        D        E       F      G
               +--------+--------+--------+--------+--------+-----+--------+
         Total |    158 |    158 |      0 |      0 |     73 |   1 |  158.0 |
       Dungeon |    158 |    158 |      0 |      0 |     73 |   1 |  158.0 |
               +--------+--------+--------+--------+--------+-----+--------+

Top non-repeatable levels by time:
     D:1: 158 daAuts
